Map: Turbo Cruise '84 LE

Players

Sinitar

  • Race: Zerg Zerg
  • League: Diamond
  • Spawn Location: 7:00

Mez - Winner!

  • Race: Terran Terran
  • Spawn Location: 3:00

VOD

Have the link to the VOD?

Description

Time

  • Played on: July 27, 2019, 10:06 p.m.
  • Length: 9:45
Show
View Real Time Build Order
Export as new Build Order

Sinitar Zerg 

Build Orders: Hatch First 

Get SALT Encoding   

  12  0:01  Drone  
  13  0:12  Overlord  
  13  0:17  Drone  
  14  0:31  Drone x2  
  14  0:35  Drone  
  17  0:55  Hatchery  
  17  0:56  Drone  
  17  1:00  Drone  
  18  1:09  Extractor  
  17  1:17  Spawning Pool  
  16  1:19  Drone  
  16  1:23  Drone  
  18  1:30  Overlord  
  18  2:04  Queen  
  18  2:06  Queen  
  18  2:07  Zergling x4  
  18  2:08  Zergling x4  
  26  2:16  Metabolic Boost  
  26  2:35  Hatchery  
  24  2:37  Zergling x2  
  25  2:49  Queen  
  26  2:51  Drone  
  26  2:52  Drone  
  28  3:00  Zergling x2  
  28  3:02  Drone x2  
  31  3:08  Zergling x2  
  30  3:28  Overlord x2  
  29  3:38  Lair  
  29  3:51  Queen  
  29  3:52  Overlord  
  31  4:00  Zergling x2  
  31  4:01  Zergling x6  
  35  4:06  Drone  
  35  4:07  Drone x4  
  35  4:09  Drone  
  41  4:21  Baneling Nest  
  41  4:22  Drone  
  41  4:26  Drone x3  
  41  4:27  Extractor  
  41  4:38  Drone x4  
  44  4:41  Drone x2  
  44  4:42  Drone  
  48  4:48  Zergling x6  
  51  4:59  Roach Warren  
  50  5:08  Overlord x2  
  50  5:09  Overlord  
  50  5:16  Drone x4  
  50  5:18  Evolution Chamber  
  50  5:20  Baneling x2  
  50  5:21  Baneling  
  53  5:37  Overseer  
  52  5:56  Glial Reconstitution, Extractor  
  51  5:58  Zerg Missile Weapons Level 1  
  51  6:00  Drone x4  
  51  6:01  Overlord, Extractor  
  55  6:04  Drone x3  
  55  6:05  Overlord  
  55  6:08  Roach  
  55  6:09  Roach x5  
  69  6:22  Drone  
  69  6:23  Drone x2  
  72  6:32  Drone x3, Hydralisk Den  
  75  6:34  Overlord x2  
  75  6:37  Overseer  
  74  6:44  Roach x6  
  86  6:55  Zergling x2  
  86  6:56  Zergling x12  
  86  7:00  Ravager x2  
  95  7:11  Grooved Spines  
  95  7:13  Roach  
  95  7:14  Roach x2  
  101  7:26  Ravager x2  
  103  7:32  Baneling x2  
  103  7:33  Zergling x2  
  103  7:34  Zergling x18  
  113  7:42  Overlord x4  
  113  7:43  Overlord  
  93  8:18  Queen  
  94  8:28  Hydralisk x10  
  110  8:46  Baneling x4, Spine Crawler  
  108  9:05  Drone  
  108  9:06  Drone x6  
Show
View Real Time Build Order
Export as new Build Order

Mez Terran - Winner!

Build Orders: Reaper Expand 

Get SALT Encoding   

  12  0:00  SCV  
  13  0:13  SCV  
  14  0:18  Supply Depot  
  14  0:25  SCV  
  15  0:39  SCV  
  15  0:40  Barracks  
  16  0:46  Refinery  
  16  0:52  SCV  
  17  1:04  SCV  
  18  1:16  SCV  
  19  1:28  Orbital Command  
  19  1:29  Reaper  
  20  1:41  Command Center  
  20  1:58  SCV  
  20  2:00  Barracks  
  21  2:02  Barracks Reactor  
  21  2:12  Barracks  
  21  2:14  SCV  
  22  2:20  Supply Depot  
  22  2:36  SCV  
  23  2:42  Marine x2  
  25  2:55  SCV, Orbital Command  
  26  2:59  Barracks Tech Lab  
  26  3:10  Marine  
  26  3:11  Marine x2  
  26  3:12  SCV  
  30  3:22  Marine  
  30  3:23  SCV, Combat Shield  
  30  3:28  Marine  
  31  3:34  Marine x2  
  31  3:35  SCV x2  
  31  3:40  Marine  
  31  3:41  Engineering Bay  
  36  3:45  Supply Depot  
  36  3:47  SCV  
  37  3:51  SCV  
  38  3:58  Marine x3  
  38  3:59  Marine  
  38  4:00  Bunker  
  42  4:07  SCV  
  42  4:08  SCV  
  42  4:09  Supply Depot  
  44  4:10  Terran Infantry Weapons Level 1  
  44  4:20  Marine x2  
  44  4:21  Barracks Reactor, Marine, Supply Depot  
  44  4:24  SCV x2  
  49  4:36  SCV x2  
  51  4:43  Stimpack  
  51  4:44  Marine x3  
  51  4:45  Command Center  
  54  4:57  SCV x2  
  56  5:00  Factory, Refinery  
  56  5:02  Refinery  
  56  5:03  Marine x2  
  56  5:04  Marine x3  
  61  5:09  SCV x2  
  63  5:21  SCV x2, Barracks  
  65  5:23  Marine x2, Barracks  
  65  5:24  Marine x2  
  65  5:25  Marine  
  70  5:52  Starport, Factory Reactor  
  70  5:56  Marine x5  
  70  5:57  SCV x2  
  77  6:05  Terran Infantry Armor Level 1  
  77  6:09  SCV x2  
  77  6:10  Supply Depot  
  77  6:11  Supply Depot x2  
  79  6:14  Marine x3  
  79  6:16  Orbital Command  
  79  6:18  Barracks Reactor x2  
  82  6:26  Marine x2  
  82  6:32  Marine  
  85  6:33  SCV x2  
  87  6:40  Supply Depot x2  
  87  6:41  Marine, Medivac x2  
  92  6:48  Armory  
  92  6:49  Engineering Bay, SCV x3  
  92  6:51  Marine x3  
  98  6:56  Marine x5  
  98  6:58  Marine  
  104  7:01  SCV x3  
  104  7:07  Supply Depot  
  107  7:10  Supply Depot  
  107  7:13  Supply Depot  
  107  7:14  Medivac x2  
  111  7:20  Marine x3  
  111  7:21  Marine x6  
  120  7:30  SCV x3  
  120  7:33  Supply Depot  
  120  7:35  Supply Depot  
  123  7:38  Marine x3  
  123  7:42  SCV  
  127  7:47  Marine x6  
  127  7:48  Medivac x2  
  137  7:56  Marine x3  
  140  8:17  Marine  
  140  8:18  Marine x8  
  148  8:24  Barracks  
  148  8:25  Barracks  
  148  8:27  Barracks  
  148  8:28  Command Center  
  148  8:30  Supply Depot  
  148  8:35  Marine  
  148  8:36  Marine x5  
  154  8:46  Marine x3  
  157  8:51  SCV x3  
  154  9:04  SCV  
  154  9:05  Marine  
  154  9:06  Marine x3  
  154  9:07  Marine x5  
Tags
 
Add a new tag
Caveats
  • Supply blocks, unpowered buildings, or Contaminate may cause inaccurate times.
  • Supply counts are checked every 10 seconds.